 Dungeon Crawl Stone Soup version 0.16.1-4-g8e1b745 (webtiles) character file.

111155 FlamingWeapons the Impaler (level 15, -8/134 HPs)
             Began as a Demigod Wanderer on Mar 27, 2015.
             Blown up by an orb spider (28 damage)
             ... with an orb of destruction
             ... on level 1 of the Spider Nest.
             The game lasted 05:38:29 (42721 turns).

FlamingWeapons the Impaler (Demigod Wanderer)      Turns: 42721, Time: 05:38:30

Health: -8/134     AC: 20    Str: 24    XL:     15   Next: 60%
Magic:  28/28      EV: 16    Int: 14    God:
Gold:   1650       SH:  7    Dex: 20    Spells: 2 memorised, 11 levels left

rFire  . . .     SeeInvis +     E - +3 spear (vamp)
rCold  . . .     Clarity  .     S - +1 leather armour {rPois}
rNeg   + . .     SustAb   +     n - +1 buckler
rPois  +         Gourm    .     (no helmet)
rElec  .         Spirit   .     d - +2 cloak "Priuvuar" {Dex+2 Stlth+}
rCorr  .         Warding  +     M - +0 pair of gloves
rMut   .         NoTele   +     u - +1 pair of boots
MR     ++...                    B - amulet "Alinaps" {Ward -Tele +Fly rN+ MR+ Stlth+}
Stlth  ++++......               e - +5 ring of protection
                                k - ring of see invisible

@: very resistant to hostile enchantments, stealthy
A: hooves 2, slimy green scales 1, thin metallic scales 1, high mp 1, sustain
abilities
a: Evoke Flight


You were on level 1 of the Spider Nest.
You were not hungry.

You visited 5 branches of the dungeon, and saw 30 of its levels.
You also visited: Ice Cave.

You collected 2624 gold pieces.
You spent 974 gold pieces at shops.

Inventory:

Hand weapons
 r - a +1 trident of flaming
 E - a +3 vampiric spear (weapon)
Missiles
 h - 44 stones (quivered)
Armour
 d - the +2 cloak "Priuvuar" (worn) {Dex+2 Stlth+}
   (You bought it in a shop on level 14 of the Dungeon)

   It affects your dexterity (+2).
   It makes you more stealthy.
 n - a +1 buckler (worn)
 s - a +2 ring mail of fire resistance
 u - a +1 pair of boots (worn)
 K - the +1 ring mail of Patience {rC+ Str+6 Stlth-}
   (You found it on level 7 of the Dungeon)

   It affects your strength (+6).
   It protects you from cold.
   It makes you less stealthy.
 M - a +0 pair of gloves (worn)
 S - a +1 leather armour of poison resistance (worn)
Jewellery
 b - an uncursed ring of invisibility
 e - a +5 ring of protection (right hand)
 k - a ring of see invisible (left hand)
 l - a +5 ring of dexterity
 B - the amulet "Alinaps" (around neck) {Ward -Tele +Fly rN+ MR+ Stlth+}
   (You took it off a kobold on level 4 of the Dungeon)

   [amulet of warding]

   It may prevent the melee attacks of summoned creatures.
   It protects you from negative energy.
   It affects your resistance to hostile enchantments.
   It lets you fly.
   It prevents most forms of teleportation.
   It makes you more stealthy.
 D - an uncursed ring of positive energy
 T - the ring "Thiciyj" {+/*Tele rElec rF+ Slay-5 Stlth+}
   (You found it in an ice cave)

   [ring of teleportation]

   It causes random teleportation, and can be evoked to teleport at will.
   It affects your accuracy and damage with ranged weapons and melee attacks
   (-5).
   It protects you from fire.
   It insulates you from electricity.
   It makes you more stealthy.
 V - an uncursed ring of protection from cold
Magical devices
 i - a wand of disintegration (1)
 z - a wand of confusion (13)
 I - a wand of lightning (0)
 J - a wand of teleportation (5)
 L - a wand of polymorph (0)
 N - a wand of digging (1)
 P - a wand of teleportation (8)
 X - a wand of paralysis (7)
 Y - a wand of draining (0)
 Z - a wand of frost (2)
Scrolls
 a - 2 scrolls of blinking
 o - 2 scrolls of holy word
 p - 3 scrolls of remove curse
 t - 4 scrolls of teleportation
 v - a scroll of enchant weapon
 x - a scroll of amnesia
 y - a scroll of magic mapping
 C - 4 scrolls of fog
 G - a scroll of summoning
 O - 4 scrolls of fear
 R - 5 scrolls of identify
 U - 3 scrolls of recharging
Potions
 c - 4 potions of curing
 g - 2 potions of cancellation
 j - 6 potions of magic
 m - 6 potions of restore abilities
 w - a potion of resistance
 F - a potion of berserk rage
 H - 2 potions of haste
 Q - 2 potions of might
 W - a potion of mutation {unknown}
Comestibles
 f - 14 bread rations
 q - 12 meat rations
 A - 2 royal jellies


   Skills:
 - Level 12.7 Fighting
 + Level 20.2 Polearms
 - Level 1.0 Throwing
 - Level 5.6 Armour
 - Level 5.0 Dodging
 - Level 5.0 Shields
 - Level 1.0 Spellcasting
   Level 1.0 Ice Magic
   Level 1.0 Earth Magic
 - Level 3.9 Evocations


You had 11 spell levels left.
You knew the following spells:

 Your Spells              Type           Power        Failure   Level  Hunger
a - Swiftness             Chrm/Air       #.......     50%         2    ###....
b - Flight                Chrm/Air       #.........   87%         3    ####...


Dungeon Overview and Level Annotations

Branches:
Dungeon (15/15)            Temple (1/1) D:4            Lair (8/8) D:11
 Shoals (0/5) Lair:5       Spider (2/5) Lair:4        Slime (0/6) Lair:7
    Orc (4/4) D:9          Vaults (0/5) D:13         Depths (0/5) D:15
    Elf: Orc:3-4

Shops:
D:7 *   D:12 }   D:14 [   D:15 :   Orc:1 =   Orc:2 }   Orc:3 ?

Annotations:
D:13 exclusion: downstairs
Lair:2 exclusion: downstairs
Lair:5 exclusion: downstairs


Innate Abilities, Weirdness & Mutations

Your attributes are resistant to harm.
You have hoof-like feet.
You are partially covered in slimy green scales (AC +2).
You are partially covered in thin metallic scales (AC +2).
You have an increased reservoir of magic (+10% MP).


Message History

The orb spider is severely wounded.
The orb spider weaves a glowing orb of energy.
The orb of destruction hits you!
* * * LOW HITPOINT WARNING * * *
The orb spider pulsates with a strange energy.
The orb spider weaves a glowing orb of energy.
You see here a tarantella corpse.
The orb spider spins a strand of pure energy.
The orb of destruction hits you!
* * * LOW HITPOINT WARNING * * *
The orb spider weaves a glowing orb of energy.
The rock wall explodes into countless fragments.
You see here a demonic crawler corpse.
Drink which item? (? for menu, Esc to quit)
You feel better.
The orb spider pulsates with a strange energy.
The orb spider weaves a glowing orb of energy.
There is a crawl-hole back to the Lair here.
The orb of destruction hits you!
You die...

....#......#.#.#..#....^#.....#
#.#.#.##.#...#.#.#....#####..##
.........#.....#......#.#.#...#
..##.##...###.....###.......#.#
..#.##........######.........##
..#....##.....#...#.....##...#
...#..#..#.#............######
.#..##.#...#...#..#..#..#
.#.......#....#.@#...##.#
.##.....^.#..#.#§#....#####
..#.^##.##.#...#§....##...##
......#...##....§##..#)#...#
#......#.####.#.§......##..#
....#..### #....§#.#..#...##
#####.## #..#.§#..#......# ###
##.#..#>.#.....##
##....s#..##..###


You could see an orb spider.

Vanquished Creatures
  Maud (Lair:6)
  The ghost of Vojta the Covert, a powerful OpAM of Fedhas (Lair:8)
  Snorg (Lair:5)
  4 vault guards (D:13)
  5 hydras
  Fannar (Orc:2)
  2 great orbs of eyes (D:15)
  Harold (Lair:4)
  6 centaur warriors
  4 catoblepae
  2 ogre magi
  The ghost of Xorborg the Reanimator, an experienced DDNe of Vehumet (D:10)
  12 death yaks
  A tengu warrior (D:13)
  Urug (Orc:2)
  A skeletal warrior (D:14)
  2 ice statues (IceCv)
  5 hill giants
  2 orc knights
  A wolf spider (Spider:1)
  5 orb spiders (Spider:1)
  4 griffons
  11 ugly things
  4 manticores
  A hornet (Spider:1)
  4 cyclopes
  An oklob plant (Lair:8)
  An orc sorcerer (Orc:3)
  17 elephants
  6 black mambas
  A siren (Lair:5)
  The ghost of Zigurun the Martial Artist, an experienced GrMo of Qazlal (D:5)
  A torpor snail (Lair:4)
  10 komodo dragons
  2 demonic crawlers (Spider:1)
  An efreet (D:13)
  16 spiny frogs
  A redback zombie (D:15)
  A yaktaur (D:15)
  8 fire drakes
  A polar bear (Lair:6)
  3 tengu conjurers
  Sonja (D:14)
  4 trolls
  7 two-headed ogres
  Prince Ribbit (Orc:1)
  3 ravens
  11 blink frogs
  5 basilisks
  A harpy skeleton (D:15)
  7 slime creatures
  5 deep elf magi
  2 shadows (D:13)
  2 trapdoor spiders
  7 tarantellas (Spider:1)
  A redback (Spider:1)
  2 wyverns
  2 wraiths
  64 yaks
  A yak (shapeshifter) (D:14)
  A hog (shapeshifter) (D:14)
  A spriggan (D:8)
  11 hippogriffs
  10 wolves
  4 vampire mosquitoes
  A warg (Orc:2)
  The ghost of Zigurun the Insei, an average GrMo of Qazlal (D:4)
  7 water moccasins
  8 ice beasts
  A wasp (D:6)
  An eye of draining (D:10)
  23 orc warriors
  9 porcupines
  18 spiders
  4 phantoms
  17 centaurs
  30 ogres
  2 sky beasts
  3 boring beetles
  A brain worm (D:14)
  10 crocodiles
  3 big kobolds
  Blork the orc (D:5)
  26 giant frogs
  A wyvern zombie (D:6)
  6 scorpions
  25 killer bees
  3 goliath beetles
  5 wights (D:10)
  A giant frog zombie (D:13)
  2 centaur zombies
  7 hounds
  21 jellies
  6 crimson imps
  11 orc priests
  17 iguanas
  2 centaur skeletons
  3 giant frog skeletons
  33 orc wizards
  2 quasits
  9 worker ants
  8 hell rats
  A killer bee zombie (D:11)
  31 sheep
  Ijyb (D:2)
  Jessica (D:3)
  A hound zombie (D:9)
  2 hound skeletons
  29 adders
  3 gnolls (D:7)
  46 river rats
  2 giant mites
  4 shadow imps
  2 worms
  3 giant geckos
  An ooze (D:1)
  196 orcs
  A ball python (D:3)
  16 bats
  2 bat skeletons
  A bat zombie (D:6)
  7 giant cockroaches
  22 goblins
  20 hobgoblins
  11 jackals
  14 quokkas
  A giant gecko skeleton (D:8)
  3 giant newts
  28 kobolds
  A quokka skeleton (D:5)
  16 rats
  A fungus (Lair:8)
  A plant (Lair:8)
1103 creatures vanquished.

Vanquished Creatures (others)
  A centaur (D:15)
  An orc wizard (Orc:2)
  8 fungi
  3 plants
13 creatures vanquished.

Grand Total: 1116 creatures vanquished

Notes
Turn   | Place    | Note
--------------------------------------------------------------
     0 | D:1      | FlamingWeapons, the Demigod Wanderer, began the quest for the Orb.
     0 | D:1      | FlamingWeapons set off with: a +2 spear, a +0 hand axe, a potion of curing, a +0 robe, a bread ration
     0 | D:1      | Reached XP level 1. HP: 22/22 MP: 3/3
   358 | D:1      | Reached XP level 2. HP: 28/28 MP: 4/4
   568 | D:2      | Noticed Ijyb
   612 | D:2      | Reached skill level 5 in Fighting
   776 | D:2      | Reached skill level 1 in Polearms
  1067 | D:2      | Killed Ijyb
  1067 | D:2      | Reached XP level 3. HP: 9/36 MP: 6/6
  1130 | D:2      | Found a sacrificial altar of Ru.
  1277 | D:2      | Found a shadowy altar of Dithmenos.
  1635 | D:3      | Reached XP level 4. HP: 2/42 MP: 8/8
  2059 | D:3      | Noticed Jessica
  2065 | D:3      | Killed Jessica
  2654 | D:3      | Reached XP level 5. HP: 48/48 MP: 10/10
  3436 | D:4      | Noticed an ogre
  3468 | D:4      | Killed an ogre
  3468 | D:4      | Reached skill level 5 in Polearms
  3468 | D:4      | Reached XP level 6. HP: 28/56 MP: 12/12
  3833 | D:5      | Entered Level 5 of the Dungeon
  3860 | D:5      | Noticed Zigurun's ghost (experienced GrMo)
  3910 | D:4      | Noticed Zigurun's ghost (average GrMo)
  4489 | D:4      | Killed Zigurun's ghost
  4489 | D:4      | Reached skill level 6 in Polearms
  4609 | D:4      | Noticed an ogre
  4618 | D:4      | Killed an ogre
  4671 | D:4      | Got a glittering ivory amulet
  4672 | D:4      | Identified the amulet "Alinaps" {Ward -Tele +Fly rN+ MR+ Stlth+} (You took it off a kobold on level 4 of the Dungeon)
  4921 | D:4      | Found a staircase to the Ecumenical Temple.
  4940 | Temple   | Entered the Ecumenical Temple
  5212 | D:5      | Found a bloodstained altar of Trog.
  5316 | D:5      | Reached XP level 7. HP: 57/61 MP: 14/14
  5396 | D:6      | Found an opulent altar of Gozag.
  5397 | D:6      | Found a radiant altar of Vehumet.
  5420 | D:6      | Reached skill level 7 in Polearms
  5430 | D:6      | Found a sparkling altar of Nemelex Xobeh.
  5431 | D:6      | Found a shimmering altar of Xom.
  5433 | D:6      | Found an iron altar of Okawaru.
  5674 | D:7      | Found an opulent altar of Gozag.
  5740 | D:7      | Reached skill level 8 in Polearms
  5979 | D:7      | Found Gozag's Platinum Reserve.
  6225 | D:6      | Noticed a deep elf mage
  6243 | D:6      | Killed a deep elf mage
  6243 | D:6      | Reached XP level 8. HP: 61/68 MP: 15/15
  6258 | D:6      | Reached skill level 9 in Polearms
  6657 | D:6      | Found a burning altar of Makhleb.
  6659 | D:6      | Found a glowing silver altar of Zin.
  6659 | D:6      | Noticed an angel
  6660 | D:6      | Noticed a blizzard demon
  6995 | D:7      | Found a snail-covered altar of Cheibriados.
  7044 | D:7      | Got a polished ring mail
  7048 | D:7      | Identified the +1 ring mail of Patience {rC+ Str+6 Stlth-} (You found it on level 7 of the Dungeon)
  7136 | D:6      | Reached skill level 10 in Polearms
  7154 | D:6      | Reached skill level 1 in Armour
  7490 | D:6      | Found a glowing golden altar of the Shining One.
  7580 | D:5      | Killed Zigurun's ghost
  7580 | D:5      | Reached XP level 9. HP: 55/74 MP: 17/17
  7941 | D:6      | Found an ancient bone altar of Kikubaaqudgha.
  7941 | D:6      | Found a blossoming altar of Fedhas.
  8310 | D:5      | Noticed Blork the orc
  8536 | D:5      | Killed Blork the orc
  8634 | D:5      | Reached skill level 5 in Armour
  9581 | D:8      | Reached skill level 1 in Shields
  9937 | D:8      | Noticed a deep elf mage
 10188 | D:8      | Killed a deep elf mage
 10668 | D:8      | Noticed a spriggan baker
 10678 | D:8      | Killed a spriggan baker
 11188 | D:8      | Reached skill level 5 in Shields
 11289 | D:10     | Entered Level 10 of the Dungeon
 11492 | D:9      | Found a staircase to the Orcish Mines.
 11502 | Orc:1    | Entered Level 1 of the Orcish Mines
 11786 | Temple   | Gained mutation: You have a pair of small horns on your head. [potion of beneficial mutation]
 12068 | D:9      | Reached XP level 10. HP: 83/83 MP: 19/19
 12328 | D:10     | Gained mutation: You evolve. [mutagenic meat]
 12330 | D:10     | Gained mutation: You are partially covered in slimy green scales (AC +2). [mutagenic meat]
 12455 | D:9      | Got a polished hand axe
 12870 | D:10     | Noticed Xorborg's ghost (experienced DDNe)
 13141 | D:10     | Killed Xorborg's ghost
 13141 | D:10     | Reached skill level 11 in Polearms
 13317 | D:10     | Gained mutation: You possess an exceptional clarity of mind. [evolution]
 13339 | D:10     | You fall through a shaft for 3 floors!
 13595 | D:13     | Found a gate to the Vaults.
 13595 | D:13     | Noticed a purple ugly thing
 13595 | D:13     | Noticed a vault guard
 13595 | D:13     | Noticed a cyclops
 13595 | D:13     | Noticed a vault guard
 13595 | D:13     | Noticed a vault guard
 13595 | D:13     | Noticed a cyclops
 13595 | D:13     | Noticed a vault guard
 13595 | D:13     | Noticed a hill giant
 13659 | D:13     | Noticed a white ugly thing
 13756 | D:14     | Found a basalt altar of Yredelemnul.
 13795 | D:13     | Noticed a cyclops
 13878 | D:12     | Noticed a hill giant
 13886 | D:12     | Found Goqeegas' Gadget Emporium.
 14532 | D:10     | Reached skill level 12 in Polearms
 14671 | D:10     | Reached XP level 11. HP: 94/94 MP: 7/20
 15818 | D:11     | Found a staircase to the Lair.
 15834 | Lair:1   | Entered Level 1 of the Lair of Beasts
 15934 | D:11     | Reached skill level 1 in Dodging
 16014 | Lair:1   | Gained mutation: You have a pair of horns on your head. [evolution]
 16611 | Lair:1   | Reached skill level 13 in Polearms
 18552 | D:9      | Learned a level 2 spell: Swiftness
 18712 | Orc:1    | Noticed Prince Ribbit
 18712 | Orc:1    | Gained mutation: You have large cloven feet. [evolution]
 18723 | Orc:1    | Killed Prince Ribbit
 18981 | D:11     | Reached skill level 5 in Dodging
 19288 | D:11     | Reached skill level 14 in Polearms
 19360 | D:11     | Reached XP level 12. HP: 97/103 MP: 21/21
 19772 | Lair:3   | Noticed a seven-headed hydra
 19788 | Lair:3   | Killed a seven-headed hydra
 20872 | Lair:4   | Found a hole to the Spider Nest.
 20893 | Lair:4   | Noticed Harold
 20906 | Lair:4   | Killed Harold
 20935 | Spider:1 | Entered Level 1 of the Spider Nest
 21022 | Spider:1 | Reached skill level 15 in Polearms
 22316 | Lair:5   | Noticed Snorg
 22596 | Lair:5   | Noticed a seven-headed hydra
 22604 | Lair:5   | Killed a seven-headed hydra
 22604 | Lair:5   | Reached XP level 13. HP: 89/111 MP: 24/24
 22757 | Lair:5   | Reached skill level 16 in Polearms
 23355 | Lair:5   | Found a staircase to the Shoals.
 24166 | Lair:5   | Killed Snorg
 24269 | Lair:5   | Reached skill level 10 in Fighting
 24910 | D:12     | Noticed a cyclops
 24922 | D:12     | Killed a cyclops
 25114 | D:13     | Killed a cyclops
 25134 | D:14     | Noticed a tengu warrior
 25178 | D:13     | Killed a tengu warrior
 25407 | D:12     | Gained mutation: Your muscles are strong. (Str +2) [evolution]
 25409 | D:12     | Noticed a hill giant
 25416 | D:12     | Killed a hill giant
 25546 | D:12     | Killed a hill giant
 25563 | D:12     | Bought a wand of confusion (21) for 309 gold pieces
 25563 | D:12     | Bought a wand of paralysis (10) for 216 gold pieces
 25569 | D:12     | Noticed a cyan ugly thing
 25594 | D:12     | Killed a cyan ugly thing
 25990 | D:12     | Noticed a manticore
 26013 | D:12     | Killed a manticore
 26331 | D:12     | Killed a white ugly thing
 26331 | D:12     | Reached skill level 17 in Polearms
 26341 | D:13     | Killed a purple ugly thing
 26345 | D:13     | Gained mutation: Scrolls take you a little longer to read. [mutagenic meat]
 26528 | D:13     | Killed a vault guard
 26560 | D:13     | Killed a hill giant
 26618 | D:13     | Noticed a centaur warrior
 26640 | D:13     | Killed a centaur warrior
 26651 | D:13     | Killed a cyclops
 26695 | D:13     | Killed a vault guard
 26739 | D:13     | Killed a vault guard
 26806 | D:13     | Killed a cyclops
 26841 | D:13     | Killed a vault guard
 27480 | D:15     | Entered Level 15 of the Dungeon
 27521 | D:15     | Found Maim's Book Shop.
 27662 | D:15     | Gained mutation: You are agile. (Dex +2) [mutagenic meat]
 27663 | D:15     | Gained mutation: You are frail (-10% HP). [mutagenic meat]
 27731 | D:15     | Reached XP level 14. HP: 82/111 MP: 25/25
 27809 | D:15     | Gained mutation: You have an increased reservoir of magic (+10% MP). [mutagenic meat]
 27810 | D:15     | Lost mutation: You are agile. (Dex +2) [mutagenic meat]
 27811 | D:15     | Gained mutation: You are covered in fur (AC +1). [mutagenic meat]
 27813 | D:15     | Gained mutation: You have hoof-like feet. [mutagenic meat]
 27814 | D:15     | Lost mutation: Your muscles are strong. (Str +2) [mutagenic meat]
 27833 | D:15     | Lost mutation: You are frail (-10% HP). [mutagenic meat]
 27834 | D:15     | Gained mutation: You are partially covered in thin metallic scales (AC +2). [mutagenic meat]
 27835 | D:15     | Lost mutation: You are covered in fur (AC +1). [mutagenic meat]
 27856 | D:15     | Found a frozen archway.
 27865 | IceCv    | Entered an ice cave
 27944 | IceCv    | Got a sparkling pewter ring
 27946 | IceCv    | Identified the ring "Thiciyj" {+/*Tele rElec rF+ Slay-5 Stlth+} (You found it in an ice cave)
 28469 | D:14     | Noticed a centaur warrior
 28487 | D:14     | Killed a centaur warrior
 28573 | D:14     | Noticed a centaur warrior
 28602 | D:14     | Killed a centaur warrior
 28612 | D:14     | Noticed a manticore
 28635 | D:14     | Killed a manticore
 28645 | D:14     | Lost mutation: You evolve. [mutagenic meat]
 28646 | D:14     | Gained mutation: You have a considerably increased reservoir of magic (+20% MP). [mutagenic meat]
 28650 | D:14     | Noticed a skeletal warrior
 29166 | D:14     | Killed a skeletal warrior
 29166 | D:14     | Reached skill level 18 in Polearms
 29376 | D:14     | Noticed a griffon
 29412 | D:14     | Killed a griffon
 29430 | D:14     | Noticed a hill giant
 29446 | D:14     | Killed a hill giant
 29610 | D:14     | Noticed a centaur warrior
 29622 | D:14     | Killed a centaur warrior
 29631 | D:14     | Lost mutation: You have a considerably increased reservoir of magic (+20% MP). [potion of cure mutation]
 29631 | D:14     | Lost mutation: You have a pair of horns on your head. [potion of cure mutation]
 29631 | D:14     | Lost mutation: Scrolls take you a little longer to read. [potion of cure mutation]
 29631 | D:14     | Lost mutation: You possess an exceptional clarity of mind. [potion of cure mutation]
 29631 | D:14     | Lost mutation: You have a pair of small horns on your head. [potion of cure mutation]
 29699 | D:14     | Noticed Sonja
 29710 | D:14     | Killed Sonja
 29841 | D:14     | Found Guwnof's Antique Armour Boutique.
 29844 | D:14     | Bought a distressingly furry cloak for 351 gold pieces
 29859 | D:14     | Identified the +2 cloak "Priuvuar" {Dex+2 Stlth+} (You bought it in a shop on level 14 of the Dungeon)
 30733 | Lair:6   | Learned a level 3 spell: Flight
 30804 | Lair:6   | Noticed Maud
 30841 | Lair:6   | Killed Maud
 31288 | Lair:8   | Entered Level 8 of the Lair of Beasts
 32122 | Lair:7   | Found a viscous altar of Jiyva.
 32124 | Lair:7   | Found a staircase to the Slime Pits.
 32862 | Lair:8   | Noticed Vojta's ghost (powerful OpAM)
 33264 | Lair:8   | Killed Vojta's ghost
 33761 | Lair:8   | Identified a scroll of acquirement
 33787 | Lair:8   | Got a crude lajatang
 33795 | Lair:8   | Identified the +0 lajatang "Beastslayer" {slice, +Fly rElec rN+} (You acquired it on level 8 of the Lair of Beasts)
 35640 | Orc:1    | Noticed an ogre mage
 35657 | Orc:1    | Killed an ogre mage
 35657 | Orc:1    | Reached XP level 15. HP: 134/134 MP: 28/28
 36299 | Orc:2    | Found a bloodstained altar of Trog.
 36299 | Orc:2    | Noticed Fannar
 36341 | Orc:2    | Killed Fannar
 36643 | Orc:2    | Reached skill level 19 in Polearms
 36927 | Orc:3    | Found Fumnee's Magic Scroll Emporium.
 37058 | Orc:2    | Noticed Urug
 37106 | Orc:2    | Killed Urug
 37278 | Orc:2    | Found Gracem's Gadget Shoppe.
 37492 | Orc:1    | Found Pre Noesh's Jewellery Shoppe.
 37607 | Orc:4    | Entered Level 4 of the Orcish Mines
 38183 | Orc:3    | Bought a scroll of teleportation for 42 gold pieces
 38183 | Orc:3    | Bought a scroll of identify for 28 gold pieces
 38183 | Orc:3    | Bought a scroll of identify for 28 gold pieces
 40617 | D:15     | Noticed a hill giant
 40632 | D:15     | Killed a hill giant
 41013 | D:15     | Reached skill level 20 in Polearms
 41298 | D:15     | Found a staircase to the Depths.
 42696 | Spider:1 | HP: 2/134 [disintegration (31)]
 42721 | Spider:1 | Blown up by an orb spider

Action                   |  1- 3 |  4- 6 |  7- 9 | 10-12 | 13-15 || total
-------------------------+-------+-------+-------+-------+-------++-------
Melee: Spear             |   138 |   323 |   801 |  1064 |  3120 ||  5446
       Trident           |       |       |       |   341 |   602 ||   943
Throw: Javelin           |     6 |    14 |    40 |     9 |       ||    69
       Stone             |     4 |     4 |    27 |   135 |   188 ||   358
Evoke: Wand              |       |       |     9 |    29 |    27 ||    65
  Use: Scroll            |     4 |       |    13 |    10 |    10 ||    37
       Potion            |     3 |     2 |     6 |     5 |     7 ||    23
 Stab: Sleeping          |     1 |     1 |     3 |     5 |     8 ||    18
       Distracted        |       |     1 |     2 |     3 |       ||     6
       Invisible         |       |       |       |     5 |       ||     5
       Confused          |       |       |       |       |     8 ||     8
       Paralysed         |       |       |       |       |     5 ||     5
       Petrified         |       |       |       |       |     1 ||     1
  Eat: Chunk             |     2 |    11 |    20 |    35 |    71 ||   139
       Pizza             |       |     1 |       |       |     2 ||     3
       Bread ration      |       |       |     1 |       |     5 ||     6
       Fruit             |       |       |     1 |     1 |     3 ||     5
       Beef jerky        |       |       |       |     1 |     3 ||     4
       Meat ration       |       |       |       |       |     1 ||     1
